 Dungeon Crawl Stone Soup version 0.27.1-15-g792fb953b9 (webtiles) character file.

Game seed: 12760648908846287872

93 ces the Insei (level 4, -3/32 HPs)
             Began as a Djinni Transmuter on Nov 19, 2021.
             Slain by Blork the orc (5 damage)
             ... on level 4 of the Dungeon.
             The game lasted 00:08:11 (3348 turns).

ces the Insei (Djinni Transmuter)                   Turns: 3348, Time: 00:08:12

Health: -3/32      AC:  5    Str:  7 (9)  XL:     4   Next: 91%
Gold:   109        EV: 10    Int: 12 (15) God:
                   SH:  0    Dex: 12 (14)

rFire    + + .     SeeInvis .     - Unarmed
rCold    x . .     Faith    .   (no shield)
rNeg     . . .     Spirit   .   g - +0 ring mail
rPois    ∞         Reflect  .   (no helmet)
rElec    .         Harm     .   (no cloak)
rCorr    .         Rampage  .   (no gloves)
Will     .....                  (boots unavailable)
Stlth    +.........             (no amulet)
HPRegen  0.10/turn              (no ring)
MPRegen  0.00/turn              (no ring)

@: flying, hasted, very quick
A: sickness immunity, fire resistance 2, cold vulnerability 1, float, innate
caster, hp casting, extra vitality 1
a: no special abilities


You were on level 4 of the Dungeon.
You visited 1 branch of the dungeon, and saw 4 of its levels.

You collected 109 gold pieces.

Inventory:

Armour
 a - a +0 robe of positive energy
 g - a +0 ring mail (worn)
Scrolls
 c - a scroll of summoning {unknown}
 e - a scroll of identify {unknown}
 f - a scroll of vulnerability {unknown}


   Skills:
 + Level 1.5 Fighting
 * Level 2.9 Dodging
 + Level 0.3 Stealth
 * Level 4.1 Unarmed Combat
 + Level 2.1 Spellcasting


You couldn't memorise any spells.
You knew the following spells:

 Your Spells              Type           Power      Damage    Failure   Level
a - Beastly Appendage     Tmut           12%        N/A       38%         1
b - Wereblood             Tmut           6%         N/A       52%         2
c - Spider Form           Tmut/Pois      3%         N/A       77%         3
d - Ice Form              Ice/Tmut       6%         N/A       99%         4
e - Apportation           Tloc           12%        N/A       38%         1
Your spell library was empty.

Dungeon Overview and Level Annotations

Branches:
Dungeon (4/15)
 Temple: D:4-7

Altars:
Zin

Annotations:
D:4 Blork the orc


Innate Abilities, Weirdness & Mutations

You are immune to sickness and miasma.
You are immune to poison.
Your flesh is very heat resistant. (rF++)
You are vulnerable to cold. (rC-)
You float through the air rather than walking.
You learn spells naturally, not from books.
Your magical power is your life essence.
You have superior vitality. (+4 HP)


Message History

The jackal bites you but does no damage.
The gnoll misses you.
The jackal bites you but does no damage.
The jackal bites you.
The jackal bites you but does no damage.
Your transformation is almost over.
The gnoll hits you with a +0 whip. The jackal closely misses you.
You hit the giant cockroach.
Your headbutt misses the giant cockroach.
The giant cockroach is moderately wounded.
The jackal bites you but does no damage.
The gnoll hits you with a +0 whip.
* * * LOW HITPOINT WARNING * * *
The jackal closely misses you. The giant cockroach barely misses you.
The jackal closely misses you.
Blork the orc casts a spell.
Blork the orc seems to speed up.
An endoplasm comes into view.
The endoplasm quivers.
The giant cockroach bites you but does no damage.
The giant cockroach closely misses you.
The jackal bites you but does no damage.
Found a scroll labelled WAUJYISK HESIJ.
Found a dagger.
Blork the orc begins to cast a cantrip, but forgets the words!
Found Sif Muna's Beginning Course on the Arcane Arts.
The endoplasm freezes you.
You are frozen.
You feel a terrible chill!
* * * LOW HITPOINT WARNING * * *
Your horns disappear.
The endoplasm jiggles.
It was a potion of degeneration.
There was something very wrong with that liquid.
You feel weakened.
You feel dopey.
You feel clumsy. The jackal bites you.
* * * LOW HITPOINT WARNING * * *
A kobold comes into view. It is wielding a +0 whip.
The kobold shouts!
Blork the orc hits you with a +0 short sword.
You die...

. ≈≈#.⌠ #.. .#≈≈#.
.#..##
###≈..≈###.....#
....?..........##
#...............#
K.####.:.............#
........)............#
#.@.h........$.<#
#..o............#
#..hhJ.....?....#
##.h...g.......##
##...B.......##
######.###### #.# #.#
#.#


You could see Blork the orc (fast), a gnoll, an endoplasm, 4 jackals, a giant
cockroach and a kobold.

Vanquished Creatures
  5 adders (D:2)
  An orc (D:3)
  7 ball pythons
  3 bats
  3 endoplasms
  A giant cockroach (D:2)
  6 goblins
  A hobgoblin (D:2)
  8 jackals
  2 quokkas
  3 frilled lizards
  A kobold (D:2)
  6 rats
47 creatures vanquished.

Notes
Turn   | Place    | Note
-------+----------+-------------------------------------------
     0 | D:1      | ces the Djinni Transmuter began the quest for the Orb.
     0 | D:1      | Reached XP level 1. HP: 17/17 MP: 0/0
   580 | D:1      | Reached XP level 2. HP: 21/22 MP: 0/0
  1417 | D:1      | Reached XP level 3. HP: 27/27 MP: 0/0
  1417 | D:1      | Learned a level 1 spell: Apportation
  2007 | D:2      | Found a glowing silver altar of Zin.
  2268 | D:2      | Reached XP level 4. HP: 27/32 MP: 0/0
  2328 | D:2      | Reached skill level 4 in Unarmed Combat
  3329 | D:4      | Noticed Blork the orc
  3345 | D:4      | HP: 1/32 [jackal (1)]
  3348 | D:4      | Slain by Blork the orc

Illustrated notes

Levels and vault maps discovered:
D:1:      psy_arrival_radial02, layout_rooms, serial_glass, glass_columns_a,
          glass_columns_b, glass_columns_b
D:2:      layout_rooms, basic_altar, corexii_hall_statues_t,
          kennysheep_generic_room_13
D:3:      layout_rooms, mainiacjoe_overflow_swirl,
          gammafunk_temple_overflow_wave
D:4:      layout_rooms, minmay_temple_entry_overgrown, gammafunk_ghost_split,
          fountainhead, uniq_natasha, uniq_sigmund, uniq_blork_the_orc

Skill      XL: |  1  2  3  4 |
---------------+-------------+-----
Spellcasting   | 2 |  2.1
Unarmed Combat | 4 |  4.1
Fighting       | |  1.5
Dodging        | |  2.9
Stealth        | |  0.3

Action                   |  1- 3 |  4- 6 || total
-------------------------+-------+-------++-------
Melee: Unarmed           |   126 |    42 ||   168
       Headbutt          |     9 |     6 ||    15
       Punch             |     2 |       ||     2
 Cast: Beastly Appendage |    18 |    10 ||    28
       Wereblood         |     1 |       ||     1
  Use: Potion            |     2 |     2 ||     4
       Scroll            |     2 |       ||     2
 Stab: Sleeping          |     2 |       ||     2
Armor: Robe              |    29 |     1 ||    30
       Ring mail         |       |    14 ||    14
Dodge: Dodged            |   113 |    35 ||   148
